 Dungeon Crawl Stone Soup version 0.21-a0-509-gecc5317 (webtiles) character file.

143 Beatriz the Chopper (level 5, -2/41 HPs)
             Began as a Demonspawn Abyssal Knight on Nov 29, 2017.
             Was a Follower of Lugonu.
             Killed by divine providence
             ... invoked by an orc priest
              (12 damage)
             ... on level 3 of the Dungeon.
             The game lasted 00:04:15 (2001 turns).

Beatriz the Chopper (Demonspawn Abyssal Knight)     Turns: 2001, Time: 00:04:16

Health: -2/41      AC: 13    Str: 14    XL:     5   Next: 4%
Magic:  6/6        EV:  4    Int: 13    God:    Lugonu [*.....]
Gold:   164        SH:  6    Dex: 12    Spells: 4/4 levels left

rFire    . . .     SeeInvis .   a - +1 hand axe
rCold    . . .     Gourm    .   (no shield)
rNeg     . . .     Faith    .   v - +0 plate armour
rPois    .         Spirit   .   (no helmet)
rElec    .         Reflect  +   s - scarf {repulsion}
rCorr    .         Harm     .   (no gloves)
MR       .....                  (no boots)
Stlth    ..........             d - +6 amulet of reflection
HPRegen  0.13/turn              (no ring)
MPRegen  0.10/turn              (no ring)

@: repel missiles
A: yellow scales 1, nightstalker 2
a: Depart the Abyss, Renounce Religion


You were on level 3 of the Dungeon.
You worshipped Lugonu.
Lugonu was aware of your devotion.
You were hungry.

You visited 1 branch of the dungeon, and saw 3 of its levels.
You visited the Abyss 1 time.

You collected 164 gold pieces.

Inventory:

Hand Weapons
 a - a +1 hand axe (weapon)
Armour
 s - a scarf of repulsion (worn)
 v - a +0 plate armour (worn)
Jewellery
 d - a +6 amulet of reflection (around neck)
Scrolls
 b - a scroll of teleportation {unknown}
 g - a scroll of identify {unknown}
 h - a scroll of enchant armour {unknown}
 i - 2 scrolls of remove curse
 r - a scroll of fog {unknown}
 t - 3 scrolls of magic mapping {unknown}
Potions
 e - 2 potions of haste {unknown}
 j - a potion of mutation {unknown}
 k - a potion of curing {unknown}
 l - 2 potions of magic {unknown}
 n - 2 potions of brilliance {unknown}
 o - a potion of degeneration {unknown}
 u - 2 potions of agility {unknown}
Comestibles
 c - 2 bread rations
 f - 3 meat rations
 m - a royal jelly


   Skills:
 + Level 3.5 Fighting
 * Level 3.6 Axes
 * Level 2.7 Armour
 + Level 1.3 Dodging
 + Level 2.6 Invocations


You had 4 spell levels left.
You didn't know any spells.

Dungeon Overview and Level Annotations

Branches:
Dungeon (3/15)

Altars:
Elyvilon
Makhleb


Innate Abilities, Weirdness & Mutations

You are partially covered in yellow scales. (AC +2)
You are significantly more attuned to the shadows.


Message History

The orc priest looks encouraged for a moment.
You hit the orc priest but do no damage.
You block the orc priest's attack.
You hit the orc priest.
The orc priest is lightly wounded.
The orc priest completely misses you.
Your plate armour prevents you from hitting the orc priest.
The orc priest is lightly wounded.
The orc priest mumbles some strange prayers to Beogh against you.
Pain shoots through your body!
* * * LOW HITPOINT WARNING * * *
The orc priest looks satisfied for a moment.
Your plate armour prevents you from hitting the orc priest.
The orc priest is lightly wounded.
You block the orc priest's attack.
You slash the orc priest!
The orc priest is severely wounded.
The orc priest invokes the aid of Beogh against you.
Beogh smites you!
You die...

#.# #.# #o# #o# ### #o# ###.#
# #@# ..#.# #.##.############
###.# #...............## #.#
####.#####.......# #.####
.#......#.####..#
###....######.##.#...........#
..####.#.........#>..........#
#.# ##.#.........#...#.......#
#.# #................##....#.#


You could see an orc priest and 2 orcs.

Vanquished Creatures
  A hound (D:3)
  3 adders (D:3)
  3 oozes
  2 dart slugs (D:1)
  3 orcs (D:3)
  4 bats
  3 giant cockroaches (D:1)
  7 goblins
  6 hobgoblins
  10 jackals (D:1)
  9 kobolds
  A quokka (D:2)
  A ball python (D:1)
  4 frilled lizards (D:1)
  2 rats (D:2)
59 creatures vanquished.

Notes
Turn   | Place    | Note
-------+----------+-------------------------------------------
     0 | Abyss:1  | Beatriz the Demonspawn Abyssal Knight began the quest for the Orb.
     0 | Abyss:1  | Reached XP level 1. HP: 18/18 MP: 2/2
    43 | Abyss:1  | Found a shadowy altar of Dithmenos.
    54 | Abyss:1  | Noticed a thrashing horror
    55 | D:1      | Escaped the Abyss
   145 | D:1      | Reached * piety under Lugonu
   145 | D:1      | Gained mutation: You are partially covered in yellow scales. (AC +2) [demonic ancestry]
   145 | D:1      | Reached XP level 2. HP: 14/24 MP: 3/3
   331 | D:1      | Reached skill level 1 in Dodging
   506 | D:1      | Gained mutation: You are slightly more attuned to the shadows. [demonic ancestry]
   506 | D:1      | Reached XP level 3. HP: 27/29 MP: 4/4
   559 | D:1      | Reached ** piety under Lugonu
  1366 | D:2      | Reached XP level 4. HP: 35/35 MP: 5/5
  1747 | D:3      | Found a burning altar of Makhleb.
  1908 | D:3      | Found a white marble altar of Elyvilon.
  1937 | D:3      | Gained mutation: You are significantly more attuned to the shadows. [demonic ancestry]
  1937 | D:3      | Reached XP level 5. HP: 36/41 MP: 6/6
  2001 | D:3      | Killed from afar by an orc priest

Vault maps used:
D:1:      dpeg_arrival_brainrot
D:3:      nicolae_overflow_hidden_temple, elyvilon_altar_4,
          gammafunk_temple_overflow_statue, makhleb_blood_cavern_becter

Skill      XL: |  1  2  3 |
---------------+----------+-----
Armour         | 2 |  2.7
Dodging        | 1 |  1.3
Axes           | 2 3 |  3.6
Fighting       | |  3.5
Invocations    | |  2.6

Action                   |  1- 3 |  4- 6 || total
-------------------------+-------+-------++-------
Melee: Hand axe          |   118 |    59 ||   177
Invok: Depart the Abyss  |     1 |       ||     1
  Use: Scroll            |       |     1 ||     1
 Stab: Sleeping          |     3 |       ||     3
  Eat: Chunk             |     2 |     1 ||     3
Armor: Leather armour    |    42 |     3 ||    45
       Plate armour      |       |    29 ||    29
Dodge: Dodged            |    77 |    13 ||    90
Block: Other             |    46 |    22 ||    68
       Reflection        |     7 |       ||     7

Table legend:
 A = Spawn XP
 B = Non-spawn XP
 C = Spawn XP percentage of total XP
 D = Spawn monster count
 E = Non-spawn monster count
 F = Spawn count percentage of total count
 G = Total turns spent on level
                    A         B        C        D         E        F      G
               +---------+---------+-------+---------+---------+-------+---------
         Total |       0 |     205 |   0.0 |       0 |      59 |   0.0 |  2001
               +---------+---------+-------+---------+---------+-------+---------
           D:1 |       0 |      75 |   0.0 |       0 |      36 |   0.0 |   729
           D:2 |       0 |      24 |   0.0 |       0 |      11 |   0.0 |   907
           D:3 |       0 |     106 |   0.0 |       0 |      12 |   0.0 |   310
               +---------+---------+-------+---------+---------+-------+---------
